APL (24 & UNDER)
SCOTTSDALE SCORPIONS @ ATHENS ASSASSINS
09/11/2030
 
TOP OF THE 1ST
Scottsdale Scorpions batting - Pitching for Athens Assassins : RHP José López
Pitching: RHP José López
Batting: RHB Rob Johnston 0-0: Ball
1-0: Called Strike
1-1: Ball
2-1: Swinging Strike
2-2: Hit by Pitch
Batting: LHB John Jones 0-0: Swinging Strike
0-1: Ball
1-1: Ball
2-1: Foul Ball, location: 2F
2-2: Strikes out looking
Batting: LHB Manny Vigil 0-0: Fly out, F9 (Flyball, 9)
Batting: RHB Mike Hall 0-0: Ball
Rob Johnston steals 2nd base
1-0: Foul Ball, location: 2F
1-1: Ground out 5-3 (Groundball, 56)
Top of the 1st over - 0 runs, 0 hits, 0 errors, 1 left on base; Scottsdale 0 - Athens 0
BOTTOM OF THE 1ST
Athens Assassins batting - Pitching for Scottsdale Scorpions : RHP José Amaya
Pitching: RHP José Amaya
Batting: RHB Pat Johnston 0-0: Called Strike
0-1: Ball
1-1: Ball
2-1: Ball
3-1: Called Strike
3-2: Strikes out swinging
Batting: RHB Maximino Abbado 0-0: Ball
1-0: Called Strike
1-1: SINGLE (Line Drive, 4D)
Batting: RHB John Conway 0-0: Ball
1-0: Ball
2-0: Called Strike
2-1: Fielders Choice at 2nd, 1-4 (Groundball, 15S)
Batting: RHB Jonathon García 0-0: Called Strike
0-1: Swinging Strike
0-2: Fielders Choice at 2nd, 5-4 (Groundball, 5)
Bottom of the 1st over - 0 runs, 1 hit, 0 errors, 1 left on base; Scottsdale 0 - Athens 0
TOP OF THE 2ND
Scottsdale Scorpions batting - Pitching for Athens Assassins : RHP José López
Batting: RHB Manny Moreno 0-0: Called Strike
0-1: Ball
1-1: SINGLE (Flyball, 6MD)
Batting: RHB Javier Gonzáles 0-0: Called Strike
0-1: Foul Ball, location: 2F
0-2: Hit by Pitch
Manny Moreno to second
Batting: RHB Ánibal López 0-0: Ball
Manny Moreno steals 3rd base
1-0: Ball
2-0: Called Strike
2-1: Swinging Strike
2-2: Ball
3-2: Foul Ball, location: 2F
3-2: Base on Balls
Javier Gonzáles to second
Batting: RHB Jeff McQueen 0-0: Foul Ball, location: 2F
0-1: SINGLE (Flyball, 8RS)
Manny Moreno scores
Javier Gonzáles to third
Ánibal López to second
Runner from 3rd tries for Home, SAFE, no throw
Batting: RHB Dave MacGruder 0-0: Ball
1-0: Ball
2-0: Swinging Strike
2-1: Foul Ball, location: 2F
2-2: Foul Ball, location: 2F
2-2: Foul Ball, location: 2F
2-2: DOUBLE (Line Drive, 78M)
Ánibal López scores
Jeff McQueen to third
Runner from 3rd tries for Home, SAFE, no throw
Batting: RHB Rob Johnston 0-0: Called Strike
0-1: Foul Ball, location: 2F
0-2: Ball
1-2: Strikes out swinging
Batting: LHB John Jones 0-0: Ball
1-0: Ball
2-0: Hit by Pitch
Batting: LHB Manny Vigil 0-0: Ball
1-0: Called Strike
1-1: Swinging Strike
1-2: DOUBLE (Line Drive, 9LS)
Dave MacGruder scores
John Jones to third
Runner from 3rd tries for Home, SAFE, no throw
Batting: RHB Mike Hall 0-0: Called Strike
0-1: Ball
1-1: SINGLE (Flyball, 8RS)
Manny Vigil to third
Runner from 3rd tries for Home, SAFE, no throw
Batting: RHB Manny Moreno 0-0: Called Strike
Balk!
Mike Hall to second
0-1: Ground out 1-3 (Groundball, P)
Mike Hall to third
Batting: RHB Javier Gonzáles 0-0: Ball
1-0: Ball
2-0: Ball
3-0: Called Strike
3-1: DOUBLE (Line Drive, 78XD)
Mike Hall scores
Batting: RHB Ánibal López 0-0: Ball
1-0: Ground out 6-3 (Groundball, 6)
Top of the 2nd over - 8 runs, 6 hits, 0 errors, 1 left on base; Scottsdale 8 - Athens 0
BOTTOM OF THE 2ND
Athens Assassins batting - Pitching for Scottsdale Scorpions : RHP José Amaya
Batting: RHB Luis López 0-0: Called Strike
0-1: Ground out 5-3 (Groundball, 5D)
Batting: RHB Kiyonaga Ogawa 0-0: Called Strike
0-1: Ball
1-1: Ball
2-1: Ball
3-1: Foul Ball, location: 2F
3-2: Foul Ball, location: 2F
3-2: Strikes out looking
Batting: RHB Britt Short 0-0: Called Strike
0-1: Ball
1-1: Ball
2-1: Ground out 1-3 (Groundball, 13)
Bottom of the 2nd over - 0 runs, 0 hits, 0 errors, 0 left on base; Scottsdale 8 - Athens 0
TOP OF THE 3RD
Scottsdale Scorpions batting - Pitching for Athens Assassins : RHP José López
Batting: RHB Jeff McQueen 0-0: Called Strike
0-1: Called Strike
0-2: Ball
1-2: Foul Ball, location: 2F
1-2: Strikes out swinging
Batting: RHB Dave MacGruder 0-0: Ground out 6-3 (Groundball, 6)
Batting: RHB Rob Johnston 0-0: Called Strike
0-1: Ball
1-1: SINGLE (Line Drive, 56D)
Batting: LHB John Jones Balk!
Rob Johnston to second
0-0: Fly out, F9 (Flyball, 9S)
Top of the 3rd over - 0 runs, 1 hit, 0 errors, 1 left on base; Scottsdale 8 - Athens 0
BOTTOM OF THE 3RD
Athens Assassins batting - Pitching for Scottsdale Scorpions : RHP José Amaya
Batting: RHB Carlos Dumenigo 0-0: Foul Ball, location: 2F
0-1: Ball
1-1: Ball
2-1: Foul Ball, location: 2F
2-2: Ball
3-2: Base on Balls
Batting: RHB Alfonso Flores 0-0: Called Strike
0-1: Swinging Strike
0-2: Foul Ball, location: 2F
0-2: Ball
1-2: Strikes out swinging
Batting: RHB Pat Johnston 0-0: Called Strike
0-1: Called Strike
0-2: Strikes out swinging
Batting: RHB Maximino Abbado 0-0: Ball
1-0: Called Strike
1-1: SINGLE (Flyball, 89S)
Carlos Dumenigo to second
Throwing error, E9
Carlos Dumenigo scores
Maximino Abbado to second
Batting: RHB John Conway 0-0: Foul Ball, location: 2F
0-1: Fly out, F7 (Flyball, 78M)
Bottom of the 3rd over - 1 run, 1 hit, 1 error, 1 left on base; Scottsdale 8 - Athens 1
TOP OF THE 4TH
Scottsdale Scorpions batting - Pitching for Athens Assassins : RHP José López
Batting: LHB Manny Vigil 0-0: Ball
1-0: Foul Ball, location: 2F
1-1: Foul Ball, location: 2F
1-2: Ball
2-2: Strikes out looking
Batting: RHB Mike Hall 0-0: Called Strike
0-1: Ball
1-1: Ball
2-1: Called Strike
2-2: Foul Ball, location: 2F
2-2: Foul Ball, location: 2F
2-2: Fly out, F8 (Line Drive, 8RS)
Batting: RHB Manny Moreno 0-0: Ball
1-0: Foul Ball, location: 2F
1-1: Ground out 1-3 (Groundball, P)
Top of the 4th over - 0 runs, 0 hits, 0 errors, 0 left on base; Scottsdale 8 - Athens 1
BOTTOM OF THE 4TH
Athens Assassins batting - Pitching for Scottsdale Scorpions : RHP José Amaya
Batting: RHB Jonathon García 0-0: Swinging Strike
0-1: Called Strike
0-2: Strikes out swinging
Batting: RHB Luis López 0-0: Swinging Strike
0-1: Ball
1-1: Foul Ball, location: 2F
1-2: Ball
2-2: Ball
3-2: Strikes out swinging
Batting: RHB Kiyonaga Ogawa 0-0: Ball
1-0: Called Strike
1-1: Foul Ball, location: 2F
1-2: Strikes out looking
Bottom of the 4th over - 0 runs, 0 hits, 0 errors, 0 left on base; Scottsdale 8 - Athens 1
TOP OF THE 5TH
Scottsdale Scorpions batting - Pitching for Athens Assassins : RHP José López
Batting: RHB Javier Gonzáles 0-0: Swinging Strike
0-1: Ball
1-1: Foul Ball, location: 2F
1-2: Ball
2-2: Strikes out swinging
Batting: RHB Ánibal López 0-0: Ball
1-0: Foul Ball, location: 2F
1-1: Ball
2-1: Called Strike
2-2: Foul Ball, location: 2F
2-2: Fly out, F8 (Flyball, 8RD)
Batting: RHB Jeff McQueen 0-0: SINGLE (Groundball, 34D)
Pitching: LHP Mike Hill
Batting: RHB Dave MacGruder 0-0: Ball
1-0: Called Strike
1-1: Ball
2-1: Foul Ball, location: 2F
2-2: SINGLE (Flyball, 7LS)
Jeff McQueen to second
Batting: RHB Rob Johnston 0-0: Ball
1-0: Ball
2-0: 3-RUN HOME RUN (Line Drive, 9D), Distance : 385 ft
Batting: LHB John Jones 0-0: Ball
1-0: Ball
2-0: Called Strike
2-1: Swinging Strike
2-2: Foul Ball, location: 2F
2-2: Fly out, F7 (Flyball, 7S)
Top of the 5th over - 3 runs, 3 hits, 0 errors, 0 left on base; Scottsdale 11 - Athens 1
BOTTOM OF THE 5TH
Athens Assassins batting - Pitching for Scottsdale Scorpions : RHP José Amaya
Batting: RHB Britt Short 0-0: Called Strike
0-1: Ball
1-1: Ball
2-1: Foul Ball, location: 2F
2-2: Strikes out looking
Batting: RHB Carlos Dumenigo 0-0: Swinging Strike
0-1: Ball
1-1: Ball
2-1: DOUBLE (Line Drive, 7LM)
Batting: RHB Alfonso Flores 0-0: Fly out, F7 (Line Drive, 7LM)
Batting: RHB Pat Johnston 0-0: Fly out, F6 (Line Drive, 6M)
Bottom of the 5th over - 0 runs, 1 hit, 0 errors, 1 left on base; Scottsdale 11 - Athens 1
TOP OF THE 6TH
Scottsdale Scorpions batting - Pitching for Athens Assassins : LHP Mike Hill
Batting: LHB Manny Vigil 0-0: Swinging Strike
0-1: Called Strike
0-2: Ground out U3 (Groundball, 34)
Batting: RHB Mike Hall 0-0: Called Strike
0-1: Ball
1-1: Ball
2-1: Ground out 1-3 (Groundball, P)
Batting: RHB Manny Moreno 0-0: Ball
1-0: Ball
2-0: Fly out, F9 (Flyball, 9S)
Top of the 6th over - 0 runs, 0 hits, 0 errors, 0 left on base; Scottsdale 11 - Athens 1
BOTTOM OF THE 6TH
Athens Assassins batting - Pitching for Scottsdale Scorpions : RHP José Amaya
Batting: RHB Maximino Abbado 0-0: Foul Ball, location: 2F
0-1: Ball
1-1: Ground out 6-3 (Groundball, 6)
Batting: RHB John Conway 0-0: SINGLE (Flyball, 89M)
Batting: RHB Jonathon García 0-0: Ball
Wild Pitch!
John Conway to second
1-0: Ball
2-0: Ball
3-0: Called Strike
3-1: Base on Balls
Batting: RHB Luis López 0-0: Foul Ball, location: 2F
0-1: Called Strike
0-2: Ball
1-2: SINGLE (Line Drive, 6MD)
John Conway to third
Jonathon García to second
Runner from 3rd tries for Home, SAFE, no throw
Batting: RHB Kiyonaga Ogawa 0-0: Fly out, F4 (Popup, 4)
Batting: RHB Britt Short 0-0: Called Strike
0-1: Ball
1-1: Swinging Strike
1-2: Strikes out swinging
Bottom of the 6th over - 1 run, 2 hits, 0 errors, 2 left on base; Scottsdale 11 - Athens 2
TOP OF THE 7TH
Scottsdale Scorpions batting - Pitching for Athens Assassins : LHP Mike Hill
Batting: RHB Javier Gonzáles 0-0: Called Strike
0-1: Ball
1-1: Ball
2-1: Swinging Strike
2-2: Ball
3-2: Foul Ball, location: 2F
3-2: Fly out, F9 (Flyball, 89M)
Batting: RHB Ánibal López 0-0: Hit by Pitch
Batting: RHB Jeff McQueen 0-0: Foul Ball, location: 2F
0-1: Called Strike
0-2: Ball
1-2: Ball
2-2: Foul Ball, location: 2F
2-2: Strikes out swinging
Batting: RHB Dave MacGruder 0-0: Ball
1-0: Foul Ball, location: 2F
1-1: Swinging Strike
1-2: SINGLE (Groundball, 56D)
Ánibal López to second
Batting: RHB Rob Johnston 0-0: Foul Ball, location: 2F
0-1: Swinging Strike
0-2: Fly out, F7 (Line Drive, 7D)
Top of the 7th over - 0 runs, 1 hit, 0 errors, 2 left on base; Scottsdale 11 - Athens 2
BOTTOM OF THE 7TH
Athens Assassins batting - Pitching for Scottsdale Scorpions : RHP José Amaya
Batting: RHB Carlos Dumenigo 0-0: Called Strike
0-1: SINGLE (Line Drive, 4MD)
Batting: RHB Alfonso Flores 0-0: Called Strike
0-1: Ball
1-1: Foul Ball, location: 2F
1-2: Strikes out looking
Carlos Dumenigo steals 2nd base
Batter strikes out.
Batting: RHB Pat Johnston 0-0: Ball
1-0: SINGLE (Groundball, 6) (infield hit)
Carlos Dumenigo to third
Batting: RHB Maximino Abbado 0-0: SINGLE (Flyball, 7S)
Carlos Dumenigo scores
Pat Johnston to second
Batting: RHB John Conway 0-0: Ball
1-0: Fly out, F8 (Flyball, 8LD)
Batting: RHB Jonathon García 0-0: Foul Ball, location: 2F
0-1: Ball
1-1: Ball
2-1: Reached on error, E5 (Groundball, 5)
Pat Johnston to third
Maximino Abbado to second
Batting: RHB Luis López 0-0: Called Strike
0-1: Ball
1-1: Foul Ball, location: 2F
1-2: Foul Ball, location: 2F
1-2: Ball
2-2: Foul Ball, location: 2F
2-2: Ground out 1-3 (Groundball, 13S)
Bottom of the 7th over - 1 run, 3 hits, 1 error, 3 left on base; Scottsdale 11 - Athens 3
TOP OF THE 8TH
Scottsdale Scorpions batting - Pitching for Athens Assassins : LHP Mike Hill
Batting: LHB John Jones 0-0: Called Strike
0-1: Ball
1-1: Fly out, F7 (Flyball, 78D)
Batting: LHB Manny Vigil 0-0: Ball
1-0: Foul Ball, location: 2F
1-1: Ground out 4-3 (Groundball, 4)
Batting: RHB Mike Hall 0-0: Ball
1-0: Ground out 6-3 (Groundball, 56)
Top of the 8th over - 0 runs, 0 hits, 0 errors, 0 left on base; Scottsdale 11 - Athens 3
BOTTOM OF THE 8TH
Athens Assassins batting - Pitching for Scottsdale Scorpions : RHP José Amaya
Pitching: RHP Héctor Martínez
Now in RF: Alan Evans
Batting: RHB Kiyonaga Ogawa 0-0: Foul Ball, location: 2F
0-1: Ball
1-1: Foul Ball, location: 2F
1-2: Foul Ball, location: 2F
1-2: Fly out, F9 (Flyball, 9S)
Batting: RHB Britt Short 0-0: Swinging Strike
0-1: Ball
1-1: Foul Ball, location: 2F
1-2: Ball
2-2: Foul Ball, location: 2F
2-2: Foul Ball, location: 2F
2-2: Ball
3-2: Strikes out swinging
Batting: RHB Carlos Dumenigo 0-0: Ball
1-0: Fly out, F7 (Flyball, 7LS)
Bottom of the 8th over - 0 runs, 0 hits, 0 errors, 0 left on base; Scottsdale 11 - Athens 3
TOP OF THE 9TH
Scottsdale Scorpions batting - Pitching for Athens Assassins : LHP Mike Hill
Batting: RHB Manny Moreno 0-0: Hit by Pitch
Batting: RHB Javier Gonzáles 0-0: Called Strike
0-1: Ball
1-1: Fielders Choice at 2nd, 4-6 (Groundball, 34)
Batting: RHB Ánibal López 0-0: Swinging Strike
0-1: Called Strike
0-2: Strikes out swinging
Batting: RHB Jeff McQueen 0-0: Ball
1-0: Called Strike
1-1: Swinging Strike
1-2: Foul Ball, location: 2F
1-2: Ball
2-2: SINGLE (Flyball, 9S)
Javier Gonzáles to second
Javier Gonzáles to third
Batting: RHB Dave MacGruder 0-0: Called Strike
0-1: Foul Ball, location: 2F
0-2: Ground out 5-3 (Groundball, 5S)
Top of the 9th over - 0 runs, 1 hit, 0 errors, 2 left on base; Scottsdale 11 - Athens 3
BOTTOM OF THE 9TH
Athens Assassins batting - Pitching for Scottsdale Scorpions : RHP Héctor Martínez
Batting: RHB Alfonso Flores 0-0: Ball
1-0: Ball
2-0: Called Strike
2-1: Swinging Strike
2-2: Ball
3-2: DOUBLE (Flyball, 8LXD)
Pinch Hitting: RHB Jorge Loanos 0-0: Ball
1-0: Ball
2-0: Foul Ball, location: 2F
2-1: Foul Ball, location: 2F
2-2: Ball
3-2: Strikes out swinging
Batting: RHB Maximino Abbado 0-0: Swinging Strike
0-1: Ground out 5-3 (Groundball, 5L)
Batting: RHB John Conway 0-0: Called Strike
0-1: Ball
1-1: Called Strike
1-2: Strikes out swinging
Bottom of the 9th over - 0 runs, 1 hit, 0 errors, 1 left on base; Scottsdale 11 - Athens 3
Saturday, April 7th, 2018 - OOTP Baseball 18.8 Build 76